 Dungeon Crawl Stone Soup version 0.29-a0-870-g2c972031a6 (webtiles) character file.

Game seed: 1947915911858674567

5114 zeratav the Prestidigitator (level 10, -7/71 HPs)
             Began as an Octopode Venom Mage on July 17, 2022.
             Was an Initiate of Gozag.
             Mangled by an unseen horror simulacrum (8 damage)
             ... on level 8 of the Dungeon.
             The game lasted 00:24:04 (11290 turns).

zeratav the Prestidigitator (Octopode Venom Mage)  Turns: 11290, Time: 00:24:04

Health: -7/71      AC:  5    Str:  7    XL:     10   Next: 58%
Magic:  13/13      EV: 18    Int: 22    God:    Gozag
Gold:   286        SH:  7    Dex: 13    Spells: 6/13 levels left

rFire   + . .      SeeInvis +   y - +3 falchion {long}
rCold   + . .      Faith    .   p - +0 kite shield
rNeg    + . .      Spirit   .   (helmet restricted)
rPois   +          Reflect  .   I - amulet of regeneration {@e2}
rElec   .          Harm     .   f - +4 ring of evasion
rCorr   +          Rampage  .   n - ring of see invisible
Will    +....                   r - ring of protection from fire
Stlth   ++++......              l - +4 ring of protection
HPRegen 1.01/turn               t - ring of poison resistance
MPRegen 0.13/turn               H - ring of protection from cold
                                J - ring "Tasy" {rN+ Will+ rCorr}
                                (no ring)

@: attractive
A: almost no armour, amphibious, 8 rings, camouflage 1, gelatinous body 1,
(nimble swimmer 1), tentacles
a: Renounce Religion, Potion Petition, Call Merchant, Bribe Branch


You were on level 8 of the Dungeon.
You worshipped Gozag.
Gozag was aware of your devotion.
You visited 2 branches of the dungeon, and saw 9 of its levels.

You collected 813 gold pieces.
You spent 418 gold pieces at shops.
You paid 109 gold pieces to Gozag.


Innate Abilities, Weirdness & Mutations

You cannot wear most types of armour.
You are amphibious.
You can wear up to eight rings at the same time.
Your skin changes colour to match your surroundings (Stealth+).
Your rubbery body absorbs attacks. (AC +1, EV +1)
((You are camouflaged when in or above water. (Stealth+)))
You have tentacles for arms and can constrict up to eight enemies at once.


   Skills:
 - Level 7.0 Fighting
 - Level 7.0 Dodging
 + Level 5.4 Stealth
 - Level 2.0 Spellcasting
 - Level 1.0 Transmutations
 - Level 9.0 Poison Magic
 - Level 10.0 Evocations


You had 6 spell levels left.
You knew the following spells:

 Your Spells              Type           Power      Damage    Failure   Level
a - Sting                 Tmut/Pois      96%        1d7       6%          1
b - Poisonous Vapours     Pois/Air       44%        N/A       12%         2
c - Olgreb's Toxic Radia  Pois           41%        N/A       12%         4

Your spell library contained the following spells:

 Spells                   Type           Power      Damage    Failure   Level
 Mephitic Cloud           Conj/Pois/Air  15%        N/A       41%         3
 Foxfire                  Conj/Fire      8%         2x1d4     45%         1
 Static Discharge         Conj/Air       2%         3-4/arc   58%         2
 Sublimation of Blood     Necr           2%         N/A       58%         2
 Conjure Flame            Conj/Fire      2%         6-21      83%         3
 Inner Flame              Hex/Fire       2%         N/A       83%         3
 Vampiric Draining        Necr           2%         2d6       83%         3
 Flame Wave               Conj/Fire      2%         2d4       99%         4
 Silence                  Hex/Air        1%         N/A       100%        5
 Haunt                    Necr/Summ      1%         N/A       100%        7
 Ozocubu's Refrigeration  Ice            1%         4d5       100%        7
 Ignition                 Fire           1%         3d3       100%        8

Inventory:

Hand Weapons
 a - a +2 dagger of venom {short}
   (You took it off an orc priest on level 5 of the Dungeon)
 y - a +3 falchion (weapon) {long}
   (You found it on level 5 of the Dungeon)
Armour
 o - a +0 buckler
   (You found it on level 2 of the Dungeon)
 p - a +0 kite shield (worn)
   (You found it on level 2 of the Dungeon)
Jewellery
 f - a +4 ring of evasion (left tentacle)
   (You found it on level 1 of the Dungeon)
 l - a +4 ring of protection (on tentacle)
   (You took it off a gnoll on level 3 of the Dungeon)
 n - a ring of see invisible (right tentacle)
   (You found it on level 2 of the Dungeon)
 r - a ring of protection from fire (on tentacle)
   (You found it on level 2 of the Dungeon)
 t - a ring of poison resistance (on tentacle)
   (You found it on level 3 of the Dungeon)
 H - a ring of protection from cold (on tentacle)
   (You found it on level 6 of the Dungeon)
 I - an amulet of regeneration (around mantle) {@e2}
   (You found it on level 7 of the Dungeon)
 J - the ring "Tasy" (on tentacle) {rN+ Will+ rCorr}
   (You bought it in a shop on level 2 of the Dungeon)

   [ring of willpower]

   rN:        It protects you from negative energy.
   rCorr:     It protects you from acid and corrosion.
   Will:      It increases your willpower.
Wands
 v - a wand of paralysis (7)
   (You found it on level 4 of the Dungeon)
 A - a wand of iceblast (32)
   (You found it on level 5 of the Dungeon)
 F - a wand of acid (8)
   (You found it on level 6 of the Dungeon)
Scrolls
 b - 2 scrolls of blinking {!r}
 c - 3 scrolls of vulnerability {!r!r}
 d - a scroll of enchant weapon
 e - a scroll of acquirement {unknown}
 m - a scroll of enchant armour
 q - 6 scrolls of identify {@r1}
 B - 3 scrolls of fog
 C - a scroll of summoning
 E - 2 scrolls of poison
Potions
 g - 3 potions of mutation {unknown}
 h - 2 potions of heal wounds {unknown}
 i - 8 potions of attraction {!q}
 j - 3 potions of resistance {unknown}
 k - a potion of brilliance {unknown}
 s - 4 potions of might
 u - 2 potions of degeneration {unknown}
 w - a potion of lignification {unknown}
 x - a potion of ambrosia {unknown}
 z - a potion of haste {unknown}
 D - a potion of cancellation {unknown}
 G - a potion of curing {@q1}

Dungeon Overview and Level Annotations

Branches:
Dungeon (8/15) Zot: 24834  Temple (1/1) D:7 Zot: 5832
   Lair: D:8-11

Altars:
Ashenzari
Cheibriados
Dithmenos
Elyvilon
Fedhas
Gozag
Hepliaklqana
Kikubaaqudgha
Makhleb
Nemelex Xobeh
Okawaru
Qazlal
Ru
Sif Muna
Uskayaw
Vehumet
Wu Jian
Xom
Yredelemnul
Zin
The Shining One

Shops:
D:2 =   D:5 [   D:8 (

Annotations:
D:3 Natasha
D:5 exclusions: downstairs and 1 more exclusion
D:7 exclusion: ice beast

≈......# §§§§§§§.# $
§§§§§#.# #§§§§#.#
.⌠...⌠. #§§§§#.# .......
#####§§§§#.# .......
§§§§§§§§§#§# ##.⌠. .⌠.##
§§§§§§§§§§§###.). .).#
§§§§§§§@§§###?.# #..
§§§§§§Z5#§§#############
§§§§§§§h#.§§§§..........
§§§§§§§.#.##############
§§§§§§§§#.# #..
§§§§§§§§#.# #..
§§§§§§§§#.# ###
§§§§§§§§#.# #.


You could see a polar bear, a white imp and an unseen horror simulacrum.


Message History

Your +2 dagger of venom {short} begins to drip with poison!
a - a +2 dagger of venom (weapon)
{short} Your +2 dagger of venom {short} stops dripping with poison.
y - a +3 falchion (weapon)
{long} You start removing your armour.
You continue taking off your +0 kite shield. x4
You finish taking off your +0 kite shield.
An unseen horror simulacrum comes into view.
A white imp comes into view.
Casting: Olgreb's Toxic Radiance (dangerous; 3% risk of failure)
Confirm with . or Enter, or press ? or * to list all spells.
Okay, then.
Okay, then.
You start putting on your armour.
You continue putting on your +0 kite shield.
The white imp shouts!
The white imp gestures at you.
Keep equipping yourself? [Y]es or [N]o only, please.
Keep equipping yourself? [Y]es or [N]o only, please.
Keep equipping yourself? [Y]es or [N]o only, please.
Keep equipping yourself?
The puff of frost hits you. You resist.
You continue putting on your +0 kite shield.
The unseen horror simulacrum hits you but does no damage.
The unseen horror simulacrum misses you.
The white imp puffs mist at you.
The unseen horror simulacrum closely misses you.
You continue putting on your +0 kite shield.
The unseen horror simulacrum hits you.
The unseen horror simulacrum freezes you!
You resist. The unseen horror simulacrum hits you.
The unseen horror simulacrum freezes you.
You resist.
You continue putting on your +0 kite shield.
The unseen horror simulacrum misses you.
You finish putting on your +0 kite shield.
HP[-22]
You take 22 damage, and now have 49/71 hp.
MASSIVE DAMAGE!! (PAUSE)
The polar bear growls angrily.
You hit the white imp. Your grab misses the white imp.
The unseen horror simulacrum hits you.
The unseen horror simulacrum freezes you!
You resist.
The unseen horror simulacrum misses you.
The unseen horror simulacrum hits you but does no damage.
The white imp barely misses you.
The unseen horror simulacrum misses you.
The white imp closely misses you.
The unseen horror simulacrum hits you but does no damage.
HP[-11]
You take 11 damage, and now have 38/71 hp.
You hit the white imp. Your grab misses the white imp.
The unseen horror simulacrum barely misses you. x2
The unseen horror simulacrum misses you.
The white imp barely misses you. The unseen horror simulacrum hits you!
* * * LOW HITPOINT WARNING * * *
The unseen horror simulacrum freezes you!
You resist.
* * * LOW HITPOINT WARNING * * *
HP[-15]
You take 15 damage, and now have 23/71 hp.
MASSIVE DAMAGE!! (PAUSE)
Okay, then.
As you read the scroll of identify {@r1}, it crumbles to dust.
B - 3 scrolls of fog You block the unseen horror simulacrum's attack.
The unseen horror simulacrum closely misses you.
The white imp hits you but does no damage.
The unseen horror simulacrum hits you but does no damage.
HP[+1]
The air fills with toxic fumes!
As you read the scroll labelled MIMIBR HAPERO, it crumbles to dust.
It was a scroll of poison.
The unseen horror simulacrum hits you.
* * * LOW HITPOINT WARNING * * *
The unseen horror simulacrum freezes you.
You resist.
* * * LOW HITPOINT WARNING * * *
The unseen horror simulacrum hits you.
* * * LOW HITPOINT WARNING * * *
The unseen horror simulacrum freezes you!
You resist.
* * * LOW HITPOINT WARNING * * *
The white imp gestures at you. The puff of frost misses you.
HP[-19]
You take 19 damage, and now have 5/71 hp.
MASSIVE DAMAGE!! (PAUSE) It was a potion of attraction.
You feel attractive to monsters.
The unseen horror simulacrum closely misses you. x2
The unseen horror simulacrum hits you.
* * * LOW HITPOINT WARNING * * *
The unseen horror simulacrum freezes you!
You resist.
You die...
Your body crumbles into a pile of gold.

Skill      XL: |  1  2  3  4  5  6  7  8  9 10 |
---------------+-------------------------------+-----
Stealth        | 3 4 5 |  5.4
Poison Magic   | 4 5 7 8 9 |  9.0
Fighting       | 3 5 7 |  7.0
Dodging        | 3 6 7 |  7.0
Evocations     | 7 10 | 10.0
Spellcasting   | |  2.0
Transmutations | |  1.0

Action                   |  1- 3 |  4- 6 |  7- 9 | 10-12 || total
-------------------------+-------+-------+-------+-------++-------
Melee: Dagger            |    49 |    69 |   159 |    38 ||   315
       Constrict         |     8 |    21 |    29 |     6 ||    64
       Tentacles         |     5 |    15 |    49 |    15 ||    84
       Punch             |       |     2 |     4 |     3 ||     9
       Falchion          |       |       |       |    15 ||    15
 Cast: Sting             |    25 |    16 |    48 |    15 ||   104
       Poisonous Vapours |     2 |    14 |    12 |       ||    28
       Olgreb's Toxic Ra |       |     6 |    32 |    20 ||    58
Evoke: Wand              |       |     1 |     7 |     2 ||    10
  Use: Scroll            |     5 |     4 |       |     3 ||    12
       Potion            |       |     2 |       |     1 ||     3
 Stab: Sleeping          |    11 |     6 |    11 |       ||    28
       Paralysed         |       |     3 |     1 |       ||     4
Armor: Skin              |     5 |    12 |    35 |    17 ||    69
Dodge: Dodged            |    33 |    65 |   179 |    69 ||   346
Block: Kite shield       |       |       |       |     7 ||     7

Levels and vault maps discovered:
D:1:      ncdulo_smallfort, layout_loops_ring,
          shapermc_ecumenical_altar_mp_vishouse, chequers_serial_rivers_micro_c
D:2:      layout_loops_ring, serial_shops, nicolae_shop_trees,
          serial_park_tiny_2
D:3:      layout_basic, uniq_ijyb, uniq_natasha
D:4:      layout_loops_ring, nicolae_tso_carved_into_rock, marbit_many_paths,
          hangedman_glass_garden
D:5:      layout_loops_corners, kennysheep_vampire_church,
          mainiacjoe_overflow_tiny_flanked, nicolae_qazlal_style_of_elements,
          nicolae_ossuary_entry_catacombs, nicolae_take_the_stairs
D:6:      layout_basic, lemuel_round_altar, uniq_grinder, uniq_maggie
D:7:      layout_cave_pools, kennysheep_mini, gammafunk_temple_overflow_pools,
          minmay_temple_entry_sparse_star, minmay_checkerbox
D:8:      wad_guarded_room, layout_basic,
          mainiacjoe_overflow_concentric_impassable, grunt_ashenzari_visionary
          [grunt_ashenzari_visionary_shoals, grunt_ashenzari_visionary_spider],
          serial_shops, shop_statue, serial_ice, serial_ice_k, serial_ice_d,
          serial_ice_g, serial_ice_m, serial_ice_f, serial_ice_b
Temple:   hellmonk_temple_beads

Notes
Turn   | Place    | Note
-------+----------+-------------------------------------------
     0 | D:1      | zeratav the Octopode Venom Mage began the quest for the
                  | Orb.
     0 | D:1      | Reached XP level 1. HP: 11/11 MP: 3/3
     0 | D:1      | magus.rc [v1.9.6]
   132 | D:1      | Reached skill level 3 in Stealth
   458 | D:1      | HP: 1/11 [frozen (4)]
   461 | D:1      | Reached skill level 4 in Poison Magic
   461 | D:1      | Reached XP level 2. HP: 2/17 MP: 0/5
   473 | D:1      | HP: 2/17 [giant cockroach (1)]
  1096 | D:1      | Found a faded altar of an unknown god.
  1150 | D:1      | Reached XP level 3. HP: 21/21 MP: 6/6
  1333 | D:1      | Reached skill level 4 in Stealth
  1588 | D:2      | Found Gayze's Jewellery Boutique.
  2319 | D:2      | Learned a level 2 spell: Poisonous Vapours
  2673 | D:3      | Reached XP level 4. HP: 26/27 MP: 4/7
  2779 | D:3      | Reached skill level 5 in Poison Magic
  3027 | D:3      | HP: 6/27 [gnoll/+0 halberd (12)]
  3038 | D:3      | Reached skill level 5 in Stealth
  3684 | D:3      | Noticed Ijyb
  3810 | D:3      | Reached XP level 5. HP: 31/31 MP: 4/8
  3915 | D:3      | Noticed Natasha
  3920 | D:3      | Killed Natasha
  4034 | D:3      | Noticed Natasha
  4056 | D:4      | Reached skill level 6 in Poison Magic
  4169 | D:4      | Found a glowing golden altar of the Shining One.
  4214 | D:4      | Found a hide-covered altar of Uskayaw.
  4307 | D:4      | You add the spells Static Discharge, Sublimation of Blood,
                  | Vampiric Draining, Silence and Haunt to your library.
  4307 | D:4      | Got the Grimoire of Exhumation and the Atmosphere
  4792 | D:5      | Entered Level 5 of the Dungeon
  4801 | D:5      | Found a shadowy altar of Dithmenos.
  4819 | D:5      | You pick up a book of Flames and begin reading...
  4819 | D:5      | You add the spells Foxfire, Conjure Flame, Inner Flame and
                  | Flame Wave to your library.
  4825 | D:5      | Learned a level 4 spell: Olgreb's Toxic Radiance
  4935 | D:5      | Reached skill level 7 in Poison Magic
  4935 | D:5      | Reached XP level 6. HP: 33/36 MP: 3/9
  4955 | D:5      | Noticed an ice beast
  4992 | D:5      | Noticed a water moccasin
  5241 | D:5      | Reached skill level 8 in Poison Magic
  5303 | D:5      | Reached XP level 7. HP: 41/41 MP: 8/10
  5308 | D:5      | Found an ancient bone altar of Kikubaaqudgha.
  5455 | D:5      | Reached skill level 9 in Poison Magic
  5455 | D:5      | Reached skill level 1 in Fighting
  5520 | D:5      | Reached skill level 2 in Fighting
  5520 | D:5      | Reached skill level 3 in Dodging
  5574 | D:5      | Reached skill level 3 in Fighting
  5574 | D:5      | Reached XP level 8. HP: 19/52 MP: 1/11
  5788 | D:5      | Reached skill level 4 in Dodging
  5974 | D:5      | Reached skill level 4 in Fighting
  6005 | D:5      | Found Pourch's Armour Shop.
  6311 | D:5      | Found a stormy altar of Qazlal.
  6314 | D:5      | Noticed an air elemental
  6314 | D:5      | Noticed a water elemental
  6637 | D:6      | Noticed Grinder
  6684 | D:6      | Noticed Maggie
  6694 | D:6      | Reached skill level 5 in Dodging
  6704 | D:6      | Killed Maggie
  6705 | D:6      | Reached skill level 5 in Fighting
  6842 | D:5      | magus.rc [v1.9.6]
  6945 | D:6      | Reached skill level 6 in Dodging
  6959 | D:6      | Reached XP level 9. HP: 55/61 MP: 6/12
  7200 | D:6      | Reached skill level 6 in Fighting
  7458 | D:6      | Found a hazy altar of Hepliaklqana.
  7992 | D:6      | Reached skill level 7 in Dodging
  8116 | D:7      | Found a staircase to the Ecumenical Temple.
  8124 | Temple   | Entered the Ecumenical Temple
  8376 | D:7      | Reached skill level 7 in Fighting
  8461 | D:7      | Reached skill level 2 in Evocations
  8562 | D:7      | You add the spells Ozocubu's Refrigeration and Ignition to
                  | your library.
  8572 | D:7      | Reached skill level 3 in Evocations
  8910 | D:7      | Found an opulent altar of Gozag.
  8926 | D:7      | Found a sacrificial altar of Ru.
  8939 | D:7      | Became a worshipper of Gozag Ym Sagoz the Greedy
  8952 | D:7      | Found a blossoming altar of Fedhas.
  9212 | D:8      | Reached skill level 4 in Evocations
  9215 | D:8      | Reached skill level 5 in Evocations
  9360 | D:8      | Reached skill level 6 in Evocations
  9570 | D:8      | Noticed a kobold demonologist
  9571 | D:8      | Reached skill level 7 in Evocations
  9571 | D:8      | Reached XP level 10. HP: 71/71 MP: 1/13
  9583 | D:8      | Noticed a rust devil
  9674 | D:8      | Killed a kobold demonologist
  9744 | D:8      | Reached skill level 8 in Evocations
 10072 | D:2      | Bought the ring "Tasy" {rN+ Will+ rCorr} for 418 gold
                  | pieces
 10118 | D:3      | Killed Ijyb
 10340 | D:6      | Paralysed by Grinder for 2 turns
 10347 | D:6      | Killed Grinder
 10366 | D:6      | Identified the +4 leather armour of the Lost Knaves {Drain
                  | Int+7}
 10473 | D:8      | Found a shimmering altar of Xom.
 10486 | D:8      | Found Laveu's Antique Weapon Shoppe.
 10636 | D:8      | Reached skill level 9 in Evocations
 10715 | D:8      | Found a broken altar of Ashenzari.
 10719 | D:8      | Saw a vision of the Shoals and the Spider Nest.
 10719 | D:8      | Noticed a merfolk siren
 10719 | D:8      | Noticed a merfolk siren
 10719 | D:8      | Noticed a sea snake
 10719 | D:8      | Noticed a sea snake
 10759 | D:8      | HP: 6/71 [slime creature (17)]
 11183 | D:8      | Reached skill level 10 in Evocations
 11289 | D:8      | HP: 14/71 [unseen horror simulacrum (4)]
 11289 | D:8      | HP: 5/71 [unseen horror simulacrum (9)]
 11290 | D:8      | HP: 1/71 [unseen horror simulacrum (5)]
 11290 | D:8      | Mangled by an unseen horror simulacrum

Vanquished Creatures
  Maggie (D:6)
  A kobold demonologist (D:8)
  Grinder (D:6)
  A slime creature (D:8)
  2 yaks (D:8)
  2 wyverns (D:8)
  2 steam dragons (D:8)
  4 water moccasins
  An ice beast (D:8)
  2 sky beasts (D:8)
  3 ogres
  An orc warrior (D:8)
  A centaur (D:8)
  A kobold brigand (D:6)
  A necrophage (D:6)
  5 scorpions
  3 elf zombies (D:5)
  2 bullfrogs (D:6)
  An elf skeleton (D:5)
  3 wights (D:6)
  A vampire bat (D:5)
  4 jellies
  4 howler monkeys
  2 gnoll boudas
  A hound (D:5)
  4 orc priests
  Ijyb (D:3)
  2 iguanas
  A human skeleton (D:5)
  Natasha (D:3)
  7 orc wizards
  3 centaur simulacra (D:8)
  3 adders
  11 gnolls
  2 shadow imps
  A white imp (D:8)
  A howler monkey simulacrum (D:8)
  An ufetubus (D:5)
  A worm (D:4)
  6 dart slugs
  23 orcs
  3 bat skeletons (D:5)
  2 bat zombies (D:5)
  11 endoplasms
  6 giant cockroaches
  5 goblins
  2 hobgoblins
  4 jackals (D:4)
  2 quokkas (D:1)
  A ball python (D:1)
  3 frilled lizards
  10 kobolds
  An orc skeleton (D:5)
  3 rats
171 creatures vanquished.

Vanquished Creatures (others)
  A steam dragon (D:8)
  An orc wizard (D:8)
  A white imp (D:8)
  An orc (D:8)
4 creatures vanquished.

Grand Total: 175 creatures vanquished

Table legend:
 A = Non-vault XP
 B = Vault XP
 C = Vault XP percentage of total XP
 D = Non-vault monster count
 E = Vault monster count
 F = Vault count percentage of total count
                 A         B        C        D         E       F
            +---------+---------+-------+---------+---------+-------
      Total |    3513 |    3794 |  51.9 |     131 |      42 |  24.3
            +---------+---------+-------+---------+---------+-------
        D:1 |      45 |       0 |   0.0 |      26 |       0 |   0.0
        D:2 |      19 |       0 |   0.0 |       4 |       0 |   0.0
        D:3 |     102 |      74 |  42.0 |      21 |       2 |   8.7
        D:4 |      81 |       1 |   1.2 |      13 |       1 |   7.1
        D:5 |     989 |     451 |  31.3 |      17 |      12 |  41.4
        D:6 |    1008 |     675 |  40.1 |      20 |       2 |   9.1
        D:7 |     477 |     162 |  25.4 |      11 |       4 |  26.7
        D:8 |     792 |    2431 |  75.4 |      19 |      21 |  52.5
            +---------+---------+-------+---------+---------+-------

Illustrated notes

Table legend:
 A = Kills in this place as a percentage of kills in entire the game.
 B = Kills by you in this place as a percentage of kills by you in the entire game.
 C = Kills by friends in this place as a percentage of kills by friends in the entire game.
 D = Other kills in this place as a percentage of other kills in the entire game.
 E = Experience gained in this place as a percentage of experience gained in the entire game.
 F = Experience gained in this place divided by the number of levels of this place that you have seen.
                   A       B       C       D       E      F
               +-------+-------+-------+-------+-------+----------------------
         Total | 100.0 | 100.0 |   N/A | 100.0 | 100.0 | 811.9
       Dungeon | 100.0 | 100.0 |   N/A | 100.0 | 100.0 | 913.4
               +-------+-------+-------+-------+-------+----------------------

Table legend: (Time is in decaauts)
 A = Elapsed time spent in this place.
 B = Non-inter-level travel time spent in this place.
 C = Inter-level travel time spent in this place.
 D = Time resting spent in this place.
 E = Time spent auto-exploring this place.
 F = Levels seen in this place.
 G = Mean time per level.
                   A        B        C        D        E       F      G
               +--------+--------+--------+--------+--------+-----+--------+
         Total |  11299 |  10244 |   1055 |   2970 |   4962 |   9 | 1255.4 |
       Dungeon |  11131 |  10148 |    983 |   2970 |   4877 |   8 | 1391.4 |
        Temple |    167 |     95 |     72 |      0 |     85 |   1 |  167.0 |
               +--------+--------+--------+--------+--------+-----+--------+

Top non-repeatable levels by time:
     D:5: 2357 daAuts
     D:3: 1596 daAuts
     D:1: 1586 daAuts
     D:8: 1481 daAuts
     D:7: 1156 daAuts
     D:6: 1133 daAuts
     D:2: 993 daAuts
     D:4: 826 daAuts
  Temple: 167 daAuts
